 Dungeon Crawl Stone Soup version 0.29-a0-813-g4a14ea37d6 (webtiles) character file.

Game seed: 5420708660581371292

8650 elite277 the Reanimator (level 11, -4/74 HPs)
             Began as a Human Necromancer on July 4, 2022.
             Was a Believer of Sif Muna.
             Drowned by a water elemental (9 damage)
             ... on level 10 of the Dungeon.
             The game lasted 01:59:42 (12826 turns).

elite277 the Reanimator (Human Necromancer)        Turns: 12826, Time: 01:59:43

Health: -4/74      AC: 11    Str: 10    XL:     11   Next: 59%
Magic:  18/25      EV: 11    Int: 18    God:    Sif Muna [**....]
Gold:   644        SH:  0    Dex: 14    Spells: 13/30 levels left

rFire   + . .      SeeInvis .   O - +2 glaive (vorpal)
rCold   . . .      Faith    .   (shield currently unavailable)
rNeg    . . .      Spirit   .   u - +3 ring mail {rPois}
rPois   +          Reflect  .   (no helmet)
rElec   .          Harm     .   (no cloak)
rCorr   .          Rampage  .   r - +0 pair of gloves
Will    .....                   J - +0 pair of boots
Stlth   +.........              y - amulet of the acrobat
HPRegen 0.22/turn               G - ring of fire
MPRegen 0.19/turn               M - ring of protection from cold

@: engulfed (cannot breathe), animating dead, flying
A: no striking features
a: Renounce Religion, Channel Magic


You were on level 10 of the Dungeon.
You worshipped Sif Muna.
Sif Muna was pleased with you.
You visited 2 branches of the dungeon, and saw 12 of its levels.

You collected 644 gold pieces.

Inventory:

Hand Weapons
 f - a +2 halberd of flaming
 k - a +0 whip of venom
 m - a +0 dagger of chaos
 t - a +0 falchion of holy wrath
 H - a +1 dagger of draining
 O - a +2 vorpal glaive (weapon)
 Q - a +3 spear
Missiles
 n - an atropa-tipped dart
 q - 15 poisoned darts
 w - a curare-tipped dart
Armour
 a - a +0 robe
 r - a +0 pair of gloves (worn)
 u - a +3 ring mail of poison resistance (worn)
 F - the +8 chain mail of Sycs {Str+2}
   (You found it on level 9 of the Dungeon)

   Str:       It affects your strength (+2).
 J - a +0 pair of boots (worn)
Magical Staves
 c - a staff of fire
 i - a staff of death
 A - a staff of cold
Jewellery
 b - an amulet of guardian spirit
 y - an amulet of the acrobat (around neck)
 D - a ring of ice
 G - a ring of fire (left hand)
 M - a ring of protection from cold (right hand)
Wands
 C - a wand of charming (4)
 L - a wand of acid (5)
Scrolls
 d - 4 scrolls of teleportation
 g - 3 scrolls of immolation
 h - a scroll of silence
 s - 4 scrolls of noise
 K - a scroll of fear
 N - a scroll of poison
 R - a scroll of blinking {unknown}
 S - a scroll of fog
Potions
 e - 2 potions of brilliance
 j - a potion of cancellation {unknown}
 l - 2 potions of might {unknown}
 o - 2 potions of attraction
 p - a potion of ambrosia {unknown}
 v - a potion of resistance {unknown}
 x - 3 potions of degeneration
 z - 2 potions of haste {unknown}
 B - 3 potions of flight
 E - 2 potions of curing
 I - a potion of invisibility {unknown}
 P - a potion of magic


   Skills:
 + Level 2.8 Fighting
 + Level 1.4 Long Blades
 + Level 2.0 Staves
 + Level 2.7 Throwing
 - Level 5.0 Armour
 + Level 3.9 Dodging
 - Level 2.0 Stealth
 + Level 10.4 Spellcasting
 + Level 3.4 Hexes
 + Level 10.5 Necromancy
 + Level 1.9 Evocations


You had 13 spell levels left.
You knew the following spells:

 Your Spells              Type           Power      Damage    Failure   Level
a - Necrotise             Necr           100%       1d9       1%          1
b - Vampiric Draining     Necr           47%        2d9       1%          3
c - Slow                  Hex            84%        N/A       4%          1
d - Animate Dead          Necr           47%        N/A       2%          4
e - Agony                 Necr           47%        N/A       7%          5
f - Confusing Touch       Hex            21%        N/A       13%         3

Your spell library contained the following spells:

 Spells                   Type           Power      Damage    Failure   Level
 Summon Lightning Spire   Summ/Air       9%         N/A       87%         4
 Storm Form               Tmut/Air       4%         N/A       100%        7
 Maxwell's Capacitive Co  Air            4%         ∞         100%        8


Dungeon Overview and Level Annotations

Branches:
Dungeon (11/15)            Temple (1/1) D:5             Orc (0/2) D:9
   Lair: D:8-11

Altars:
Ashenzari
Cheibriados
Dithmenos
Elyvilon
Fedhas
Gozag
Hepliaklqana
Kikubaaqudgha
Makhleb
Nemelex Xobeh
Okawaru
Qazlal
Ru
Sif Muna
Trog
Uskayaw
Vehumet
Wu Jian
Xom
Yredelemnul
Zin
The Shining One

Shops:
D:7 (

Annotations:
D:7 1 runed translucent door


Message History

The water elemental closely misses you.
Your hound zombie bites the water elemental but does no damage.
You slash the water elemental!
The water elemental is almost destroyed.
* * * LOW HITPOINT WARNING * * *
Your lungs strain for air!
Your hound zombie bites the water elemental.
The water elemental misses you.
Your hound zombie bites the water elemental but does no damage.
The water elemental barely misses you.
You feel better.
* * * LOW HITPOINT WARNING * * *
Your lungs strain for air!
Your hound zombie bites the water elemental but does no damage.
The water elemental barely misses your hound zombie.
You completely miss the water elemental.
The water elemental is almost destroyed.
* * * LOW HITPOINT WARNING * * *
Your lungs strain for air!
Your hound zombie bites the water elemental.
The water elemental misses you.
Your hound zombie bites the water elemental but does no damage.
The water elemental closely misses your hound zombie.
You feel better.
* * * LOW HITPOINT WARNING * * *
Your lungs strain for air!
Your hound zombie closely misses the water elemental.
Your hound zombie bites the water elemental.
The water elemental closely misses your hound zombie.
You feel better.
* * * LOW HITPOINT WARNING * * *
Your lungs strain for air!
Your hound zombie bites the water elemental but does no damage.
The water elemental hits your hound zombie!
The water elemental engulfs your hound zombie in water!
You cannot read scrolls while unable to breathe!
It was a potion of flight.
You feel very buoyant.
You fly up into the air.
You die...

#..#.....#####.....###.........
#..#...............#.###.......
###..#.......#########...#.......
.....#'#'#####...........#.......
####.....................########
...#.............................
...'.............................
...#...........############'#....
####...........#@Z..........#....
...............#E...........#..[)
.........#######........#####....
####'###'#..............#........
........................#.#######
...)....................'.#
.............#######....#.#
.............#.....'....#.#
##'##........#.....#....#.#


You could see a water elemental (distracted, ally target) and a friendly hound
zombie (engulfed).

Vanquished Creatures
  Erolcha (D:9)
  4 two-headed ogres
  A manticore (D:10)
  Maggie (D:6)
  Psyche (D:10)
  A troll (D:10)
  A hornet (D:9)
  A water moccasin (D:6)
  2 ice beasts
  An orc warrior (D:7)
  3 sky beasts
  A black bear (D:5)
  An ogre (D:6)
  5 centaurs
  2 lemures (D:8)
  A kobold brigand (D:7)
  2 phantoms (D:5)
  5 bullfrogs
  2 gnoll sergeants
  3 scorpions
  A necrophage (D:6)
  7 killer bees
  4 howler monkeys
  2 hounds
  4 orc priests
  A gnoll bouda (D:8)
  3 iguanas
  5 orc wizards
  6 adders
  13 gnolls
  An ufetubus (D:4)
  A worm (D:2)
  3 dart slugs
  62 orcs
  7 bats
  5 endoplasms
  3 giant cockroaches
  5 goblins
  13 hobgoblins
  2 jackals (D:2)
  A quokka (D:3)
  14 ball pythons
  4 frilled lizards
  14 kobolds
  4 rats
224 creatures vanquished.

Vanquished Creatures (collateral kills)
  Pikel (D:8)
  A black bear (D:4)
  2 lemures (D:8)
  Blork the orc (D:6)
  A gnoll sergeant (D:10)
  4 killer bees
  An orc priest (D:8)
  An iguana (D:5)
  4 gnolls
  A dart slug (D:1)
  4 orcs
  2 endoplasms
  A quokka (D:2)
  A ball python (D:1)
  A frilled lizard (D:1)
  An orc zombie (D:8)
27 creatures vanquished.

Vanquished Creatures (others)
  A kobold zombie (D:8)
  5 killer bee zombies
  2 howler monkey zombies (D:8)
  18 orc zombies
  8 gnoll zombies
34 creatures vanquished.

Grand Total: 285 creatures vanquished

Notes
Turn   | Place    | Note
-------+----------+-------------------------------------------
     0 | D:1      | elite277 the Human Necromancer began the quest for the Orb.
     0 | D:1      | Reached XP level 1. HP: 13/13 MP: 3/3
   210 | D:1      | Reached XP level 2. HP: 15/19 MP: 3/5
   542 | D:1      | Reached XP level 3. HP: 24/24 MP: 4/6
  1019 | D:2      | Learned a level 3 spell: Vampiric Draining
  1079 | D:2      | Reached XP level 4. HP: 26/30 MP: 0/8
  1278 | D:2      | Found a faded altar of an unknown god.
  2277 | D:3      | Reached XP level 5. HP: 35/35 MP: 7/9
  2658 | D:4      | Reached skill level 1 in Evocations
  3026 | D:4      | Noticed a black bear
  3031 | D:4      | Killed a black bear
  3032 | D:4      | Reached skill level 1 in Armour
  3032 | D:4      | Reached skill level 5 in Necromancy
  3032 | D:4      | Reached XP level 6. HP: 42/42 MP: 11/11
  3945 | D:4      | Learned a level 1 spell: Slow
  3946 | D:5      | Entered Level 5 of the Dungeon
  3953 | D:5      | Noticed a black bear
  4032 | D:5      | Killed a black bear
  4033 | D:5      | Reached skill level 1 in Hexes
  4033 | D:5      | Reached XP level 7. HP: 43/47 MP: 6/13
  4338 | D:5      | Found a staircase to the Ecumenical Temple.
  4344 | Temple   | Entered the Ecumenical Temple
  4395 | Temple   | Became a worshipper of Sif Muna the Loreminder
  4812 | D:5      | Reached skill level 1 in Fighting
  5075 | D:5      | Reached skill level 5 in Spellcasting
  5075 | D:5      | Reached XP level 8. HP: 54/54 MP: 7/15
  5690 | D:6      | Reached skill level 1 in Long Blades
  6065 | D:6      | Reached XP level 9. HP: 48/61 MP: 5/18
  6252 | D:6      | Learned a level 4 spell: Animate Dead
  6354 | D:6      | Noticed Blork the orc
  6369 | D:6      | Killed Blork the orc
  6523 | D:6      | Noticed Maggie
  6538 | D:6      | Killed Maggie
  6539 | D:6      | Reached skill level 1 in Staves
  7051 | D:7      | Found a runed translucent door.
  7058 | D:7      | Noticed a sixfirhy
  7148 | D:7      | Reached * piety under Sif Muna
  7448 | D:7      | Reached skill level 1 in Throwing
  7759 | D:7      | Found Gommauwn's Weapon Shoppe.
  8371 | D:8      | Reached XP level 10. HP: 67/67 MP: 19/21
  8543 | D:8      | Noticed Pikel
  8550 | D:8      | Noticed a two-headed ogre
  8558 | D:8      | Killed Pikel
  8562 | D:8      | Your ally Pikel died
  8868 | D:8      | Killed a two-headed ogre
  9014 | D:8      | Reached skill level 5 in Armour
  9152 | D:8      | Learned a level 5 spell: Agony
 10012 | D:9      | Identified the +8 chain mail of Sycs {Str+2}
 10047 | D:9      | Found a shimmering altar of Xom.
 10050 | D:9      | Found a snail-covered altar of Cheibriados.
 10053 | D:9      | Found a burning altar of Makhleb.
 10055 | D:9      | Found an ancient bone altar of Kikubaaqudgha.
 10055 | D:9      | Found a shadowy altar of Dithmenos.
 10055 | D:9      | Found a glowing silver altar of Zin.
 10055 | D:9      | Found a sacrificial altar of Ru.
 10056 | D:9      | Found a basalt altar of Yredelemnul.
 10057 | D:9      | Found a radiant altar of Vehumet.
 10058 | D:9      | Found a hide-covered altar of Uskayaw.
 10059 | D:9      | Found a broken altar of Ashenzari.
 10060 | D:9      | Found a hazy altar of Hepliaklqana.
 10091 | D:9      | Reached ** piety under Sif Muna
 10132 | D:9      | Noticed Erolcha
 10252 | D:9      | Killed Erolcha
 10311 | D:9      | Noticed a two-headed ogre
 10317 | D:9      | Killed a two-headed ogre
 10318 | D:9      | Reached XP level 11. HP: 56/74 MP: 12/24
 10545 | D:9      | Found a staircase to the Orcish Mines.
 11054 | D:9      | Learned a level 3 spell: Confusing Touch
 11379 | D:10     | Entered Level 10 of the Dungeon
 11426 | D:10     | Noticed Psyche
 11441 | D:10     | Noticed a two-headed ogre
 11445 | D:10     | Killed Psyche
 11446 | D:10     | Reached skill level 10 in Spellcasting
 11446 | D:10     | Reached skill level 10 in Necromancy
 11721 | D:10     | Killed a two-headed ogre
 12052 | D:10     | Noticed a manticore
 12064 | D:10     | Killed a manticore
 12245 | D:10     | Noticed a two-headed ogre
 12254 | D:10     | Killed a two-headed ogre
 12826 | D:10     | Drowned by a water elemental

Illustrated notes

Levels and vault maps discovered:
D:1:      minmay_arrival_loop, layout_basic
D:2:      layout_rooms, nicolae_ecumenical_snake_handling, minmay_tromino_v7
D:3:      layout_loops_ring
D:4:      layout_basic
D:5:      layout_rooms, temple_green
D:6:      layout_gridville, uniq_blork_the_orc, uniq_maggie
D:7:      cheibrodos_shockbox, layout_loops_ring, serial_shops,
          nicolae_shop_waterfront
D:8:      layout_loops_ring, uniq_pikel
D:9:      layout_roguey, minitemple, hiddenorc2_lemuel, uniq_erolcha
D:10:     layout_irregular_city, hangedman_decor_peaks_small, uniq_psyche
D:11:     layout_stronghold, erik_lair_island, gauntlet_entry_generic,
          the_hattery
Temple:   hellmonk_temple_micro_hex

Skill      XL: |  1  2  3  4  5  6  7  8  9 10 11 |
---------------+----------------------------------+-----
Spellcasting   | 3 4 5 6 7 9 10 | 10.4
Evocations     | 1 |  1.9
Armour         | 1 2 3 4 5 |  5.0
Necromancy     | 5 6 7 8 9 10 | 10.5
Hexes          | 1 2 3 |  3.4
Fighting       | 1 2 |  2.8
Long Blades    | 1 |  1.4
Staves         | 1 2 |  2.0
Dodging        | 3 |  3.9
Throwing       | 1 2 |  2.7
Stealth        | |  2.0

Action                   |  1- 3 |  4- 6 |  7- 9 | 10-12 || total
-------------------------+-------+-------+-------+-------++-------
Melee: Staff             |    10 |    24 |   105 |    66 ||   205
       Falchion          |       |       |    16 |    22 ||    38
       Glaive            |       |       |       |     5 ||     5
       Punch             |       |       |       |     1 ||     1
Throw: Dart              |       |     8 |    12 |    33 ||    53
       Throwing net      |       |       |       |     4 ||     4
 Cast: Necrotise         |    42 |   107 |   133 |   127 ||   409
       Vampiric Draining |       |     4 |    17 |    45 ||    66
       Slow              |       |       |    15 |    29 ||    44
       Animate Dead      |       |       |     4 |    11 ||    15
       Agony             |       |       |       |     2 ||     2
       Confusing Touch   |       |       |       |     1 ||     1
Evoke: Wand              |       |       |     8 |     5 ||    13
  Use: Potion            |     1 |     1 |     2 |     5 ||     9
       Scroll            |       |     4 |    10 |     7 ||    21
 Stab: Sleeping          |     1 |       |       |       ||     1
Armor: Robe              |     9 |     2 |       |       ||    11
       Ring mail         |       |    40 |    93 |   102 ||   235
Dodge: Dodged            |    22 |    62 |   100 |   140 ||   324

Table legend: (Time is in decaauts)
 A = Elapsed time spent in this place.
 B = Non-inter-level travel time spent in this place.
 C = Inter-level travel time spent in this place.
 D = Time resting spent in this place.
 E = Time spent auto-exploring this place.
 F = Levels seen in this place.
 G = Mean time per level.
                   A        B        C        D        E       F      G
               +--------+--------+--------+--------+--------+-----+--------+
         Total |  12871 |  12338 |    533 |   3657 |   4183 |  12 | 1072.6 |
       Dungeon |  12812 |  12279 |    533 |   3657 |   4183 |  11 | 1164.7 |
        Temple |     58 |     58 |      0 |      0 |      0 |   1 |   58.0 |
               +--------+--------+--------+--------+--------+-----+--------+

Top non-repeatable levels by time:
     D:4: 1791 daAuts
     D:9: 1571 daAuts
     D:6: 1444 daAuts
    D:10: 1402 daAuts
     D:8: 1396 daAuts
     D:7: 1382 daAuts
     D:5: 1129 daAuts
     D:1: 920 daAuts
     D:3: 872 daAuts
     D:2: 847 daAuts
  Temple: 58 daAuts
    D:11: 53 daAuts
